 Dungeon Crawl Stone Soup version 0.13-a0-2477-geaae114 (webtiles) character file.

133 Rycklaryybbe the Shield-Bearer (level 3, 0/27 HPs)
             Began as a Demonspawn Fighter on July 19, 2013.
             Killed from afar by a hobgoblin (3 damage)
             ... with a wand of frost
             ... on Level 2 of the Dungeon.
             The game lasted 00:04:10 (1320 turns).

Rycklaryybbe the Shield-Bearer (Demonspawn Fighter) Turns: 1320, Time: 00:04:10

HP   0/27        AC  7     Str 16      XL: 3   Next:  8%
MP   1/1         EV  6     Int  9      God:
Gold 101         SH 18     Dex 13      Spells:  0 memorised,  2 levels left

Res.Fire  : . . .   See Invis. : .   a - +0 trident
Res.Cold  : . . .   Warding    : .   b - +0 scale mail
Life Prot.: . . .   Conserve   : .   s - +0 shield
Res.Poison: .       Res.Corr.  : .   (no helmet)
Res.Elec. : .       Clarity    : .   g - +0 cloak
Sust.Abil.: . .     Spirit.Shd : .   (no gloves)
Res.Mut.  : .       Stasis     : .   (no boots)
Res.Rott. : .       Flight     : .   (no amulet)
Saprovore : . . .                    (no ring)
                                     m - ring of wizardry

@: not resistant to hostile enchantments, extremely unstealthy
A: -10% hp, -20% mp, spiny 1
a: no special abilities


You were on level 2 of the Dungeon.
You were not hungry.

You visited 1 branch of the dungeon, and saw 2 of its levels.

You collected 81 gold pieces.

Inventory:

Hand weapons
 a - a +0,+0 trident (weapon)
 n - a +1,+1 hand axe
Missiles
 i - 6 javelins (quivered)
Armour
 b - a +0 scale mail (worn)
 c - a +0 shield
 g - a +0 cloak (worn)
 s - a +0 shield (worn)
Comestibles
 d - 2 bread rations
 f - an apple
 h - a meat ration
Scrolls
 k - a scroll of amnesia {unknown}
 l - 3 scrolls of fog {unknown}
 p - a scroll of recharging {unknown}
 q - 2 scrolls of remove curse {unknown}
 t - a scroll of enchant weapon II {unknown}
 u - a scroll of identify {unknown}
Jewellery
 m - a ring of wizardry (left hand)
Potions
 e - a potion of magic
 o - a potion of degeneration {unknown}
 r - a potion of slowing {unknown}


   Skills:
 - Level 3.0 Fighting
 + Level 2.9 Polearms
 - Level 2.6 Armour
 + Level 3.1 Shields


You had 2 spell levels left.
You didn't know any spells.

Dungeon Overview and Level Annotations

Branches:
Dungeon (2/27)

Altars:
Vehumet


Innate Abilities, Weirdness & Mutations

You are partially covered in sharp spines.
You are frail (-10% HP).
Your magical capacity is very low (-20% MP).


Message History

The hobgoblin zaps a wand.
The puff of frost hits you!
* * * LOW HITPOINT WARNING * * *
You block the giant cockroach's attack.
You are too injured to fight recklessly!
You are too injured to fight recklessly!
The giant cockroach bites you but does no damage.
The hobgoblin hits you.
* * * LOW HITPOINT WARNING * * *
Drink which item? (? for menu, Esc to quit)
Magic courses through your body.
It was a potion of magic.
You block the hobgoblin's attack.
Drink which item? (? for menu, Esc to quit)
You feel extremely strange.
You feel frail.
You feel less energetic.
You feel less energetic.
It was a potion of mutation.
The hobgoblin is struck by your spines. The hobgoblin barely misses you.
The hobgoblin is struck by your spines.
You kill the hobgoblin!
The hobgoblin zaps a wand.
The puff of frost hits you!
You die...

#.........# #.#
#.##### ..#._.#...#
. #......
#.........######
#.#####
....#............
##.##
#........#######
####...# ########s#
#......# #.#
#.##...#
#g##########.######
#....@.......#
##############


You could see a hobgoblin.

Vanquished Creatures
  A giant mite (D:1)
  A giant gecko (D:1)
  2 oozes (D:1)
  4 bats
  A hobgoblin (D:2)
  3 giant newts (D:1)
  4 goblins (D:1)
  4 kobolds (D:1)
  7 rats (D:1)
27 creatures vanquished.

Notes
Turn   | Place    | Note
--------------------------------------------------------------
     0 | D:1      | Rycklaryybbe, the Demonspawn Fighter, began the quest for the Orb.
     0 | D:1      | Reached XP level 1. HP: 18/18 MP: 0/0
   474 | D:1      | Gained mutation: You are partially covered in sharp spines. [demonic ancestry]
   474 | D:1      | Reached XP level 2. HP: 24/24 MP: 1/1
  1183 | D:1      | Reached XP level 3. HP: 30/30 MP: 2/2
  1302 | D:2      | Found a radiant altar of Vehumet.
  1315 | D:2      | Gained mutation: You are frail (-10% HP). [potion of mutation]
  1315 | D:2      | Gained mutation: Your magical capacity is low (-10% MP). [potion of mutation]
  1315 | D:2      | Gained mutation: Your magical capacity is very low (-20% MP). [potion of mutation]
  1320 | D:2      | Killed from afar by a hobgoblin

Action                   || total
-------------------------++-------
Melee: Trident           ||    98
Throw: Javelin           ||     2
  Use: Potion            ||     2
